 Dungeon Crawl Stone Soup version 0.22.1-2-g9c5b331 (webtiles) character file.

10084 spiff the Placeless Troll (level 11, 105/105 HPs)
             Began as a Troll Warper on Nov 22, 2018.
             Was an Elder of Cheibriados.
             Quit the game on level 10 of the Dungeon.
             The game lasted 00:29:53 (10352 turns).

spiff the Placeless Troll (Troll Warper)           Turns: 10352, Time: 00:29:54

Health: 105/105    AC:  9    Str: 31    XL:     11   Next: 31%
Magic:  12/12      EV: 12    Int: 22    God:    Cheibriados [****..]
Gold:   713        SH: 12    Dex: 19    Spells: 2/12 levels left

rFire    . . .     SeeInvis .     - Unarmed
rCold    . . .     Gourm    +   n - +0 shield
rNeg     . . .     Faith    .   F - +0 acid dragon scales
rPois    .         Spirit   .   (helmet restricted)
rElec    .         Reflect  .   (no cloak)
rCorr    +         Harm     .   (gloves unavailable)
MR       .....                  (boots unavailable)
Stlth    ..........             (no amulet)
HPRegen  0.67/turn              k - +2 ring of evasion
MPRegen  0.13/turn              i - ring of attention

@: very slow
A: large, unfitting armour, claws 3, fast metabolism 3, gourmand, regeneration
1, shaggy fur 1, tough skin 2
a: Bend Time, Temporal Distortion, Slouch, Renounce Religion


You were on level 10 of the Dungeon.
You worshipped Cheibriados.
Cheibriados was greatly pleased with you.
You were very full.

You visited 2 branches of the dungeon, and saw 12 of its levels.

You collected 713 gold pieces.

Inventory:

Missiles
 d - 5 tomahawks of dispersal (quivered)
 x - 11 tomahawks
 I - 7 throwing nets
Armour
 a - a +0 robe
 n - a +0 shield (worn)
 F - +0 acid dragon scales (worn)
Jewellery
 b - an uncursed ring of protection from fire
 i - a ring of attention (right claw)
 k - a +2 ring of evasion (left claw)
 s - the ring of Trog's Generosity {*Tele rPois Stlth+}
   (You found it on level 6 of the Dungeon)

   [ring of teleportation]

   It may teleport you next to monsters.
   It protects you from poison.
   It makes you more stealthy.
Wands
 y - a wand of polymorph (20)
 B - a wand of digging (13)
 J - a wand of clouds (6)
Scrolls
 c - 2 scrolls of blinking
 h - a scroll of enchant armour {unknown}
 j - 6 scrolls of remove curse
 o - a scroll of fear {unknown}
 q - a scroll of enchant weapon
 r - 2 scrolls of amnesia {unknown}
 t - a scroll of fog
 u - 2 scrolls of immolation {unknown}
 w - 8 scrolls of identify
 A - a scroll of torment {unknown}
 C - a scroll of magic mapping {unknown}
 G - 2 scrolls of acquirement {unknown}
Potions
 e - 7 potions of heal wounds
 g - 6 potions of curing
 m - a potion of mutation
 p - a potion of invisibility {unknown}
 v - 2 potions of resistance
 z - a potion of brilliance {unknown}
 D - a potion of ambrosia {unknown}
 E - a potion of degeneration {unknown}
 H - a potion of berserk rage {unknown}
 K - a potion of might {unknown}
 M - a potion of lignification {unknown}
Comestibles
 f - 13 rations


   Skills:
 - Level 6.0 Fighting
 - Level 0.8 Throwing
 - Level 2.0 Dodging
 - Level 0.1 Stealth
 + Level 7.6 Shields
 + Level 8.2 Unarmed Combat
 - Level 1.3 Spellcasting
 - Level 3.0 Necromancy
 - Level 8.3 Translocations
 + Level 1.4 Invocations


You had 2 spell levels left.
You knew the following spells:

 Your Spells              Type           Power        Failure   Level  Hunger
a - Blink                 Tloc           N/A          1%          2    ###....
b - Passage of Golubria   Tloc           N/A          8%          4    #####..
c - Animate Skeleton      Necr           N/A          7%          1    #......
d - Lesser Beckoning      Tloc           #####.....   2%          3    ###....

Your spell library contained the following spells:

 Spells                   Type           Power        Failure   Level  Hunger
 Apportation              Tloc           #####.       1%          1    #......
 Shroud of Golubria       Chrm/Tloc      ###.......   6%          2    ###....
 Confusing Touch          Hex            #.....       24%         1    #......
 Magic Dart               Conj           #...         24%         1    #......
 Summon Butterflies       Summ           #.......     24%         1    #......
 Summon Small Mammal      Summ           #...         24%         1    #......
 Call Imp                 Summ           #.......     34%         2    ###....
 Slow                     Hex            #.......     34%         2    ###....
 Gell's Gravitas          Tloc           #####.....   2%          3    ###....
 Teleport Other           Tloc           #####...     2%          3    ###....
 Call Canine Familiar     Summ           #.......     56%         3    ###....
 Conjure Flame            Conj/Fire      #.......     56%         3    ###....
 Mephitic Cloud           Conj/Pois/Air  #.......     56%         3    ###....
 Summon Guardian Golem    Hex/Summ       #.......     56%         3    ###....
 Tukima's Dance           Hex            #.......     56%         3    ###....
 Summon Ice Beast         Ice/Summ       #.......     93%         4    #####..
 Summon Lightning Spire   Summ/Air       #.......     93%         4    #####..
 Alistair's Intoxication  Tmut/Pois      #.......     100%        5    ######.
 Invisibility             Hex            #.......     100%        6    #######


Dungeon Overview and Level Annotations

Branches:
Dungeon (11/15)            Temple (1/1) D:5            Lair (0/6) D:11
    Orc (0/2) D:9

Altars:
Ashenzari
Cheibriados
Dithmenos
Elyvilon
Fedhas
Gozag
Hepliaklqana
Kikubaaqudgha
Makhleb
Nemelex Xobeh
Okawaru
Qazlal
Ru
Sif Muna
Trog
Uskayaw
Vehumet
Wu Jian
Xom
Yredelemnul
Zin
The Shining One

Shops:
D:4 =   D:8 %

Annotations:
D:8 Erica, Prince Ribbit
D:11 hydra !


Innate Abilities, Weirdness & Mutations

You are too large for most types of armour.
You have claws for hands.
Your metabolism is lightning-fast.
You like to eat raw meat.
Your natural rate of healing is unusually fast.
You are covered in fur. (AC +1)
You have very tough skin. (AC +2)


Message History

You hear a snapping sound. x2
Magic restored.
You start resting.
HP restored.
There is a stone staircase leading up here.
You open the door.
There is an open door here.
You see here a long sword.
There is a stone staircase leading up, spattered with blood here.
Annotate level on other end of current stairs?
New annotation for D:11 (include '!' for warning): hydra !
You climb upwards.
There is a stone staircase leading down, spattered with blood here.
Save game and exit?
Welcome back, spiff the Troll Warper.
Cheibriados says: Take it easy.
Press ? for a list of commands and other information.
Quiver which item? (- for none, * to show all) (? for menu, Esc to quit)
Okay, then.
Are you sure you want to abandon this character and quit the game? (Confirm

##..######.......#'''#..####.....
##.................)..['[.##...#
##...................['..##..##
##..................)####..##
##...................##...#
##.......................#
##...................####
##.................##
##......@>>......##
#################


There were no monsters in sight!

Vanquished Creatures
  A two-headed ogre (D:9)
  Pikel (D:6)
  Joseph (D:7)
  A troll (D:11)
  A merfolk (D:10)
  Grinder (D:3)
  Sigmund (D:5)
  12 yaks
  Grum (D:10)
  2 hungry ghosts (D:8)
  Edmund (D:4)
  Menkaure (D:7)
  3 wargs (D:11)
  An acid dragon (D:8)
  A water moccasin (D:10)
  Duvessa (D:7)
  A hornet zombie (D:10)
  An eye of draining (D:11)
  A sky beast (D:8)
  2 black bears
  3 ice beasts
  A phantom (D:9)
  2 slaves (D:6)
  9 ogres
  3 centaurs
  Blork the orc (D:6)
  3 gnoll sergeants (D:10)
  5 bullfrogs
  A wyvern zombie (D:10)
  A water moccasin zombie (D:5)
  Dowan (D:7)
  A scorpion (D:4)
  3 killer bees (D:10)
  4 wights
  3 crimson imps
  A bullfrog zombie (D:7)
  A howler monkey (D:6)
  2 centaur zombies
  A quasit (D:6)
  12 hounds
  A jelly (D:10)
  Crazy Yiuf (D:6)
  3 orc priests
  4 bullfrog skeletons
  3 gnoll shamans (D:10)
  6 iguanas
  2 orc wizards
  12 worker ants
  A hound zombie (D:7)
  A worker ant zombie (D:5)
  Robin (D:2)
  22 gnolls
  3 howler monkey skeletons
  11 adders
  A shadow imp (D:8)
  An adder skeleton (D:5)
  3 worms
  2 dart slugs
  5 leopard geckos
  23 orcs
  9 giant cockroaches
  10 goblins
  6 hobgoblins
  21 jackals
  4 quokkas
  A ball python zombie (D:5)
  3 bats (D:2)
  5 frilled lizards
  A jackal skeleton (D:6)
  3 kobolds
  A leopard gecko skeleton (D:6)
  2 rats
265 creatures vanquished.

Vanquished Creatures (collateral kills)
  An orc warrior (D:10)
  A centaur (D:9)
  3 hounds (D:10)
  An orc wizard (D:11)
  2 gnolls (D:10)
8 creatures vanquished.

Grand Total: 273 creatures vanquished

Notes
Turn   | Place    | Note
-------+----------+-------------------------------------------
     0 | D:1      | spiff the Troll Warper began the quest for the Orb.
     0 | D:1      | Reached XP level 1. HP: 19/19 MP: 1/1
    30 | D:1      | You fall through a shaft!
   106 | D:2      | Found a basalt altar of Yredelemnul.
   262 | D:1      | Reached XP level 2. HP: 26/28 MP: 3/3
   791 | D:2      | Found a hide-covered altar of Uskayaw.
   791 | D:2      | Noticed a dagger
   791 | D:2      | Noticed a dagger
   828 | D:2      | Noticed Robin
   994 | D:2      | Reached XP level 3. HP: 35/35 MP: 4/4
  1044 | D:2      | Found a faded altar of an unknown god.
  1078 | D:2      | Found an opulent altar of Gozag.
  1079 | D:2      | Found a sparkling altar of Nemelex Xobeh.
  1123 | D:2      | Killed Robin
  1189 | D:2      | Found a glowing silver altar of Zin.
  1345 | D:3      | Noticed Grinder
  1471 | D:3      | Reached XP level 4. HP: 42/44 MP: 5/5
  1794 | D:3      | Reached XP level 5. HP: 48/50 MP: 6/6
  1937 | D:3      | Learned a level 2 spell: Blink
  2226 | D:3      | Killed Grinder
  2226 | D:3      | Reached skill level 5 in Unarmed Combat
  2226 | D:3      | Reached XP level 6. HP: 42/61 MP: 7/7
  2642 | D:4      | Found Eplah's Jewellery Shop.
  2823 | D:4      | Reached XP level 7. HP: 44/67 MP: 8/8
  3119 | D:4      | Noticed Edmund
  3158 | D:4      | Killed Edmund
  3318 | D:5      | Entered Level 5 of the Dungeon
  3318 | D:5      | Noticed Sigmund
  3356 | D:5      | Killed Sigmund
  3356 | D:5      | Reached XP level 8. HP: 18/79 MP: 9/9
  3660 | D:5      | Found a staircase to the Ecumenical Temple.
  3666 | Temple   | Entered the Ecumenical Temple
  4344 | D:5      | Reached skill level 5 in Fighting
  4485 | D:6      | Noticed Blork the orc
  4519 | D:6      | Got an ancient bronze ring
  4528 | D:6      | Identified the ring of Trog's Generosity {*Tele rPois
                  | Stlth+} (You found it on level 6 of the Dungeon)
  4574 | D:6      | Found a hazy altar of Hepliaklqana.
  4708 | D:6      | Killed Blork the orc
  4752 | D:6      | Reached skill level 1 in Shields
  4792 | D:6      | Found a deep blue altar of Sif Muna.
  4835 | D:6      | Noticed Pikel
  4867 | D:6      | Killed Pikel
  4867 | D:6      | Reached skill level 5 in Translocations
  4867 | D:6      | Reached XP level 9. HP: 81/89 MP: 10/10
  4919 | D:6      | Found a runed door.
  4976 | D:6      | Noticed Crazy Yiuf
  4982 | D:6      | Killed Crazy Yiuf
  5111 | D:6      | Learned a level 4 spell: Passage of Golubria
  5211 | D:7      | Noticed Menkaure
  5218 | D:7      | Killed Menkaure
  5380 | D:7      | Noticed Joseph
  5429 | D:7      | Noticed Duvessa
  5434 | D:7      | Noticed Dowan
  5641 | D:7      | Killed Joseph
  5807 | D:7      | Killed Dowan
  5831 | D:7      | Killed Duvessa
  6092 | D:7      | Found a snail-covered altar of Cheibriados.
  6100 | D:7      | Became a worshipper of Cheibriados the Contemplative
  6153 | D:7      | Learned a level 1 spell: Animate Skeleton
  6301 | D:8      | Noticed Prince Ribbit
  6411 | D:8      | Found Sorch's Food Shop.
  6498 | D:8      | Noticed Erica
  6516 | D:8      | Reached XP level 10. HP: 91/98 MP: 11/11
  6923 | D:8      | Reached skill level 5 in Shields
  7100 | D:9      | Found a staircase to the Orcish Mines.
  7514 | D:9      | Noticed a two-headed ogre
  7522 | D:9      | Killed a two-headed ogre
  7522 | D:9      | Reached * piety under Cheibriados
  7522 | D:9      | Reached skill level 1 in Necromancy
  7880 | D:9      | Found a shattered altar of Ashenzari.
  7890 | D:9      | Found a sacrificial altar of Ru.
  7891 | D:9      | Found an ornate altar of the Wu Jian Council.
  7892 | D:9      | Found a bloodstained altar of Trog.
  7895 | D:9      | Found a stormy altar of Qazlal.
  7927 | D:10     | Entered Level 10 of the Dungeon
  7927 | D:10     | Found a sparkling altar of Nemelex Xobeh.
  8095 | D:10     | Reached ** piety under Cheibriados
  8473 | D:10     | Reached *** piety under Cheibriados
  8784 | D:10     | Reached XP level 11. HP: 86/105 MP: 12/12
  8879 | D:10     | Reached **** piety under Cheibriados
  9024 | D:10     | Noticed Grum
  9031 | D:10     | Killed Grum
  9349 | D:11     | Learned a level 3 spell: Lesser Beckoning
  9494 | D:11     | Found a staircase to the Lair.
  9667 | D:10     | Reached skill level 1 in Invocations
 10134 | D:11     | Noticed a five-headed hydra
 10352 | D:10     | Quit the game

Skill      XL: |  1  2  3  4  5  6  7  8  9 10 11 |
---------------+----------------------------------+-----
Dodging        | 2 |  2.0
Fighting       | 2 3 4 5 6 |  6.0
Unarmed Combat | 3 4 5 6 7 8 |  8.2
Translocations | 3 4 5 6 7 8 |  8.3
Shields        | 2 4 6 7 |  7.6
Necromancy     | 3 |  3.0
Invocations    | 1 |  1.4
Throwing       | |  0.8
Stealth        | |  0.1
Spellcasting   | |  1.3

Action                   |  1- 3 |  4- 6 |  7- 9 | 10-12 || total
-------------------------+-------+-------+-------+-------++-------
Melee: Unarmed           |   130 |   107 |   421 |   402 ||  1060
 Cast: Animate Skeleton  |       |       |       |    26 ||    26
       Passage of Golubr |       |       |       |     4 ||     4
  Use: Scroll            |       |     5 |     3 |     2 ||    10
       Potion            |       |       |       |     4 ||     4
 Stab: Distracted        |       |       |       |     4 ||     4
  Eat: Chunk             |    19 |    12 |    34 |    28 ||    93
       Ration            |       |       |       |     4 ||     4
Armor: Robe              |    49 |    19 |    72 |    38 ||   178
       Acid dragon scale |       |       |       |    33 ||    33
Dodge: Dodged            |    68 |    55 |   126 |   135 ||   384
Block: Shield            |       |    11 |   122 |   225 ||   358
